 Dungeon Crawl Stone Soup version bcrawl-1.31.4 (webtiles) character file.

Game seed: 2203005947310380628

548805 Morbidden the Grappler (level 11, -1/104 HPs)
             Began as a Troll Monk on May 28, 2021.
             Was the Champion of Cheibriados.
             Slain by a centaur warrior zombie (5 damage)
             ... on level 10 of the Dungeon.
             The game lasted 00:10:09 (7334 turns).

Morbidden the Grappler (Troll Monk)                 Turns: 7334, Time: 00:10:09

Health: -1/104     AC: 10    Str: 36    XL:     11   Next: 69%
Magic:  0/16       EV: 10    Int: 25    God:    Cheibriados [******]
Gold:   649        SH: 36    Dex: 27    Spells: 19/19 levels left

rFire    + . .     SeeInvis .     - Claws (34.5)
rCold    . . .     Gourm    +   x - +18 shield of the Gong {rElec rN+ MR+ EV-5}
rNeg     + . .     Faith    .   (armour unavailable)
rPois    .         Spirit   +   a - +1 hat
rElec    +         Reflect  +   p - scarf {Spirit}
rCorr    .         Harm     .   (gloves unavailable)
MR       +....                  (boots unavailable)
Stlth    +++.......             q - +5 amulet of reflection
HPRegen  0.67/turn              B - ring of protection from fire
MPRegen  0.15/turn              (no ring)

@: lethally poisoned (-1 -> -43), very slow
A: large, almost no armour, claws 3, fast metabolism 3, gourmand, regeneration
1, AC +9
a: Bend Time, Temporal Distortion, Slouch, Step From Time, Renounce Religion


You were on level 10 of the Dungeon.
You worshipped Cheibriados.
Cheibriados was exalted by your worship.
You were not hungry.

You visited 2 branches of the dungeon, and saw 11 of its levels.

You collected 649 gold pieces.

Inventory:

Hand Weapons
 b - a +3 hunting sling of velocity
Missiles
 g - 1835 stones
 r - 120 poisoned tomahawks (quivered)
Armour
 a - a +1 hat (worn)
 p - a scarf of spirit shield (worn)
 x - the +18 shield of the Gong (worn) {rElec rN+ MR+ EV-5}
   (You found it on level 4 of the Dungeon)

   It affects your evasion (-5).
   It insulates you from electricity.
   It protects you from negative energy.
   It affects your resistance to hostile enchantments.
Jewellery
 q - a +5 amulet of reflection (around neck)
 y - an uncursed amulet of guardian spirit
 B - a ring of protection from fire (left claw)
 I - a cursed +3 ring of protection {unknown}
Wands
 w - a wand of digging (10)
 D - a wand of disintegration (8)
 G - a wand of acid (9)
 H - a wand of clouds (7)
Scrolls
 c - 9 scrolls of remove curse
 i - 8 scrolls of identify
 j - 3 scrolls of amnesia
 m - 2 scrolls of teleportation
 n - 2 scrolls of magic mapping
Potions
 d - a potion of berserk rage
 f - 2 potions of agility {unknown}
 k - a potion of lignification {unknown}
 l - 2 potions of invisibility {unknown}
 o - 2 potions of brilliance {unknown}
 s - a potion of cancellation {unknown}
 t - a potion of heal wounds {unknown}
 u - 3 potions of ambrosia {unknown}
 v - 2 potions of degeneration {unknown}
 z - 3 potions of curing {unknown}
 C - a potion of might {unknown}
 E - a potion of magic {unknown}
 F - a potion of haste {unknown}
Comestibles
 e - 20 rations {!d}


   Skills:
 * Level 5.5 Fighting
 + Level 2.2(3.4) Slings
 * Level 5.2(5.6) Throwing
 * Level 6.4 Dodging
 + Level 2.2 Stealth
 * Level 5.5 Shields
 * Level 9.7 Unarmed Combat
 * Level 4.6 Spellcasting
 * Level 5.6 Invocations


You had 19 spell levels left.
You didn't know any spells.
Your spell library contained the following spells:

 Spells                   Type           Power        Failure   Level  Hunger
 Pain                     Necr           #.....       34%         1    None
 Summon Small Mammal      Summ           #...         34%         1    None
 Call Imp                 Summ           #.....       45%         2    None
 Shackle                  Hex            #.......     45%         2    None
 Call Canine Familiar     Summ           #.......     71%         3    ###....
 Summon Ice Beast         Ice/Summ       #.......     98%         4    #####..
 Summon Lightning Spire   Summ/Air       #.......     100%        5    ######.
 Death Channel            Chrm/Necr      #.........   100%        6    #######
 Infestation              Hex/Tmut/Pois  #........    100%        6    #######


Dungeon Overview and Level Annotations

Branches:
Dungeon (10/12)            Temple (1/1) D:4            Lair (0/6) D:9
    Orc: D:8-11

Altars:
Ashenzari
Cheibriados
Dithmenos
Elyvilon
Fedhas
Gozag
Lugonu
Makhleb
Nemelex Xobeh
Okawaru
Ru
Sif Muna
Trog
Uskayaw
Vehumet
Wu Jian
Xom
Yredelemnul
The Shining One

Annotations:
D:6 3 runed translucent doors, izumii3's ghost, novice OpBe
D:7 3 runed translucent doors, Narqulie's ghost, novice MiFi


Innate Abilities, Weirdness & Mutations

You cannot wear most types of armour.
Your thick skin is tough. (AC +9)
You are too large for most types of armour.
You have claws for hands.
Your metabolism is lightning-fast.
You like to eat raw meat.
Your natural rate of healing is unusually fast.


Message History

GONNNNG!
You block the worker ant's attack.
SHROANNG!
The soldier ant stings you but does no damage.
No path to travel!
No path to travel!
Unknown command.
Unknown command.
Unknown command.
As you read the scroll of fear, it crumbles to dust.
You assume a fearsome visage.
The worker ant looks frightened! x6
The soldier ant looks frightened! x3; The worker ant looks frightened! x4
The soldier ant looks frightened!
The worker ant looks frightened! x3
The soldier ant looks frightened! x3; The worker ant looks frightened! x4
The centaur warrior zombie is unaffected.
* * * LOW HITPOINT WARNING * * *
You feel very sick.
The worker ant waves its antennae.
The centaur warrior zombie hits you.
You die...

.................######
################.# #.# #.#
#.#
################.#########
................a.........
#############..aZa........
#a.a@a.a......
#a.aaa........
#aa.aa.a......
#############.a.a..a......
..............a.a.a.......
....>......#...a..########
########...#....a.#
#....#.....# #...########


You could see 7 soldier ants, 17 worker ants and a centaur warrior zombie.

Vanquished Creatures
  3 two-headed ogres
  3 skeletal warriors (D:8)
  A deep elf mage (D:6)
  An orc knight (D:9)
  2 ugly things
  A yaktaur (D:9)
  A hornet (D:8)
  A wolf spider simulacrum (D:9)
  2 hippogriffs
  Eustachio (D:5)
  A vampire mosquito (D:9)
  3 porcupines (D:9)
  Duvessa (D:7)
  2 crocodiles (D:9)
  2 ice beasts
  4 sky beasts
  2 black bears (D:9)
  2 phantoms (D:9)
  2 orc warriors (D:8)
  2 necrophages
  6 ogres
  5 centaurs
  A big kobold (D:10)
  4 bullfrogs
  Dowan (D:7)
  2 water moccasin skeletons
  4 scorpions
  9 wights
  2 crimson imps
  2 centaur zombies
  5 jellies
  3 bullfrog zombies
  2 bullfrog skeletons
  3 orc wizards
  7 hounds
  2 centaur skeletons
  5 iguanas
  17 worker ants
  2 hound zombies
  4 worker ant zombies
  2 howler monkey skeletons
  4 gnolls
  9 adders
  4 shadow imps
  2 adder skeletons
  2 adder zombies
  6 worms
  8 dart slugs
  5 leopard geckos
  18 orcs
  6 giant cockroaches
  A goblin (D:2)
  11 hobgoblins
  5 jackals
  14 kobolds
  5 quokkas
  5 bats
  3 frilled lizards
  A jackal zombie (D:5)
  A quokka skeleton (D:4)
  A quokka zombie (D:6)
  5 rats
241 creatures vanquished.

Vanquished Creatures (others)
  7 centaurs
  7 fungi (D:9)
14 creatures vanquished.

Grand Total: 255 creatures vanquished

Notes
Turn   | Place    | Note
-------+----------+-------------------------------------------
     0 | D:1      | Morbidden the Troll Monk began the quest for the Orb.
     0 | D:1      | Reached XP level 1. HP: 22/22 MP: 1/1
   138 | D:1      | Reached XP level 2. HP: 29/29 MP: 2/2
   532 | D:2      | Reached XP level 3. HP: 33/36 MP: 3/3
   995 | D:2      | Gained mutation: Your natural rate of healing is unusually
                  | fast. [Troll growth]
   995 | D:2      | Reached XP level 4. HP: 43/44 MP: 4/4
  1392 | D:3      | Reached skill level 4 in Unarmed Combat
  1392 | D:3      | Reached skill level 1 in Spellcasting
  1397 | D:3      | Reached skill level 1 in Throwing
  1537 | D:3      | Reached XP level 5. HP: 50/52 MP: 3/5
  1706 | D:3      | Noticed an ogre
  1711 | D:3      | Killed an ogre
  1917 | D:3      | Reached XP level 6. HP: 61/61 MP: 7/7
  2156 | D:4      | Found a bloodstained altar of Trog.
  2256 | D:4      | Reached skill level 5 in Unarmed Combat
  2395 | D:4      | Found the +18 shield of the Gong {rElec rN+ MR+ EV-5}
  2501 | D:4      | Found a staircase to the Ecumenical Temple.
  2519 | D:4      | Reached XP level 7. HP: 51/67 MP: 5/9
  2526 | Temple   | Entered the Ecumenical Temple
  2586 | Temple   | Became a worshipper of Cheibriados the Contemplative
  2586 | Temple   | Reached * piety under Cheibriados
  2586 | Temple   | Reached ** piety under Cheibriados
  2828 | D:5      | Entered Level 5 of the Dungeon
  2888 | D:5      | Noticed Eustachio
  2906 | D:5      | Killed Eustachio
  2943 | D:5      | Reached skill level 6 in Unarmed Combat
  2943 | D:5      | Reached XP level 8. HP: 76/77 MP: 10/10
  2997 | D:5      | Noticed a hippogriff
  3004 | D:5      | Killed a hippogriff
  3097 | D:5      | Found a sparkling altar of Nemelex Xobeh.
  3208 | D:5      | Identified the Guide on Enchanting Sinister Arts
  3408 | D:5      | Found a shadowy altar of Dithmenos.
  3553 | D:6      | Noticed a meliai
  3555 | D:6      | Reached skill level 1 in Shields
  3561 | D:6      | Noticed izumii3's ghost (novice OpBe)
  3565 | D:5      | Reached *** piety under Cheibriados
  3580 | D:6      | Noticed a hippogriff
  3588 | D:6      | Killed a hippogriff
  3589 | D:6      | Reached XP level 9. HP: 58/84 MP: 9/12
  3594 | D:6      | Found a runed translucent gate.
  3693 | D:6      | Found a basalt altar of Yredelemnul.
  3852 | D:6      | Found a runed translucent gate.
  3853 | D:6      | Found a runed translucent gate.
  4191 | D:7      | Noticed Duvessa
  4194 | D:7      | Noticed Dowan
  4199 | D:7      | Noticed a deep elf mage
  4204 | D:7      | Reached **** piety under Cheibriados
  4215 | D:7      | Killed Duvessa
  4216 | D:7      | Reached skill level 5 in Dodging
  4216 | D:7      | Reached skill level 7 in Unarmed Combat
  4216 | D:7      | Killed Dowan
  4405 | D:6      | Killed a deep elf mage
  4523 | D:7      | Noticed Narqulie's ghost (novice MiFi)
  4538 | D:7      | Found a runed translucent gate.
  4538 | D:7      | Found a runed translucent gate.
  4540 | D:7      | Found a runed translucent gate.
  4662 | D:7      | Found a white marble altar of Elyvilon.
  4662 | D:7      | Found a sacrificial altar of Ru.
  4662 | D:7      | Found a corrupted altar of Lugonu.
  4703 | D:7      | Reached XP level 10. HP: 86/94 MP: 11/14
  4703 | D:7      | Noticed a two-headed ogre
  4713 | D:7      | Killed a two-headed ogre
  4963 | D:7      | Reached skill level 1 in Slings
  5603 | D:8      | Noticed a two-headed ogre
  5608 | D:8      | Killed a two-headed ogre
  5609 | D:8      | Reached skill level 8 in Unarmed Combat
  5621 | D:8      | Noticed a purple ugly thing
  5695 | D:8      | Noticed a skeletal warrior
  5696 | D:8      | Noticed a skeletal warrior
  5696 | D:8      | Noticed a skeletal warrior
  5723 | D:8      | Killed a skeletal warrior
  5729 | D:8      | Killed a skeletal warrior
  5729 | D:8      | Reached ***** piety under Cheibriados
  5730 | D:8      | Reached skill level 5 in Fighting
  5745 | D:8      | Killed a skeletal warrior
  5746 | D:8      | Reached skill level 5 in Invocations
  5751 | D:8      | Killed a purple ugly thing
  5752 | D:8      | Reached XP level 11. HP: 91/102 MP: 16/16
  6502 | D:9      | Reached skill level 9 in Unarmed Combat
  6509 | D:9      | Noticed a white ugly thing
  6527 | D:9      | Noticed a two-headed ogre
  6530 | D:9      | Killed a white ugly thing
  6574 | D:9      | Found a shimmering altar of Xom.
  6652 | D:9      | Killed a two-headed ogre
  6653 | D:9      | Reached skill level 5 in Shields
  6666 | D:9      | Reached skill level 5 in Throwing
  6684 | D:9      | Noticed an orc knight
  6695 | D:9      | Killed an orc knight
  6889 | D:9      | Found a staircase to the Lair.
  7068 | D:10     | Entered Level 10 of the Dungeon
  7311 | D:10     | Reached ****** piety under Cheibriados
  7334 | D:10     | HP: 4/104 [poisoned by a soldier ant]
  7334 | D:10     | Slain by a centaur warrior zombie

Skill      XL: |  1  2  3  4  5  6  7  8  9 10 11 |
---------------+----------------------------------+-----
Dodging        | 3 4 5 6 |  6.4
Unarmed Combat | 4 5 6 7 8 9 |  9.7
Spellcasting   | 1 2 3 4 |  4.6
Throwing       | 1 2 3 4 5 |  5.2
Fighting       | 3 4 5 |  5.5
Stealth        | 2 |  2.2
Invocations    | 3 4 5 |  5.6
Shields        | 1 3 4 5 |  5.5
Slings         | 2 |  2.2

Action                   |  1- 3 |  4- 6 |  7- 9 | 10-12 || total
-------------------------+-------+-------+-------+-------++-------
Melee: Unarmed           |   101 |   169 |   248 |   277 ||   795
       Punch             |       |     2 |     1 |       ||     3
 Fire: Hunting sling     |       |       |    24 |    44 ||    68
Throw: Stone             |       |    12 |     8 |       ||    20
       Tomahawk          |       |       |    14 |     6 ||    20
  Use: Scroll            |       |     2 |     1 |     8 ||    11
       Potion            |       |       |     1 |       ||     1
 Stab: Sleeping          |     2 |     4 |     3 |       ||     9
       Distracted        |       |       |     1 |       ||     1
  Eat: Chunk             |    14 |    13 |    13 |    21 ||    61
Armor: Skin              |    29 |    47 |    55 |    56 ||   187
Dodge: Dodged            |    53 |    73 |    55 |    45 ||   226
Block: Other             |       |     7 |    20 |       ||    27
       Reflection        |       |     1 |    19 |    32 ||    52
       Medium shield     |       |       |   324 |   466 ||   790
